 Dungeon Crawl Stone Soup version 0.21.1-1-g345015f (webtiles) character file.

198 diana the Chopper (level 5, -1/57 HPs)
             Began as a Demonspawn Gladiator on June 1, 2018.
             Slain by a howler monkey (5 damage)
             ... on level 5 of the Dungeon.
             The game lasted 00:04:40 (3550 turns).

diana the Chopper (Demonspawn Gladiator)            Turns: 3550, Time: 00:04:41

Health: -1/57      AC:  6    Str: 21    XL:     5   Next: 47%
Magic:  5/5        EV: 13    Int:  9    God:
Gold:   169        SH:  0    Dex: 14    Spells: 4/4 levels left

rFire    . . .     SeeInvis .   a - +0 war axe
rCold    . . .     Gourm    .   (no shield)
rNeg     . . .     Faith    .   b - +0 leather armour
rPois    .         Spirit   .   c - +0 helmet
rElec    .         Reflect  .   (no cloak)
rCorr    .         Harm     .   (no gloves)
MR       .....                  (no boots)
Stlth    ..........             (no amulet)
HPRegen  0.19/turn              (no ring)
MPRegen  0.09/turn              (no ring)

@: berserking, very quick
A: yellow scales 1
a: no special abilities


You were on level 5 of the Dungeon.
You were hungry.

You visited 1 branch of the dungeon, and saw 5 of its levels.

You collected 169 gold pieces.

Inventory:

Hand Weapons
 a - a +0 war axe (weapon)
Missiles
 d - 4 throwing nets (quivered)
Armour
 b - a +0 leather armour (worn)
 c - a +0 helmet (worn)
 t - a +0 shield
Jewellery
 m - a +3 ring of strength {unknown}
 v - an uncursed ring of poison resistance {unknown}
Scrolls
 e - 6 scrolls of identify {unknown}
 g - 2 scrolls of teleportation {unknown}
 h - a scroll of remove curse {unknown}
 i - a scroll of immolation {unknown}
 k - a scroll of enchant armour {unknown}
 l - 2 scrolls of amnesia {unknown}
 n - a scroll of noise {unknown}
 o - 3 scrolls of magic mapping {unknown}
 r - a scroll of fog {unknown}
Potions
 p - a potion of degeneration {unknown}
 q - a potion of magic {unknown}
 s - a potion of brilliance {unknown}
 u - a potion of agility {unknown}
Comestibles
 f - 3 rations


   Skills:
 - Level 2.0 Fighting
 + Level 5.6 Axes
 - Level 1.8 Throwing
 - Level 2.8 Dodging


You had 4 spell levels left.
You didn't know any spells.

Dungeon Overview and Level Annotations

Branches:
Dungeon (5/15)
 Temple: D:4-7

Altars:


Innate Abilities, Weirdness & Mutations

You are partially covered in yellow scales. (AC +2)


Message History

A ball python skeleton comes into view.
The howler monkey barely misses you.
The howler monkey hoots and howls with incredible vigour!
You hear a shout! x2; You hear an angry hiss. x2
The howler monkey hits you.
* * * LOW HITPOINT WARNING * * *
The howler monkey misses you. The howler monkey hits you.
* * * LOW HITPOINT WARNING * * *
Found a scroll labeled QICAS AGENICLU and 9 gold pieces.
Found an escape hatch in the floor.
There is a stone staircase leading down here.
The howler monkey hoots and howls with incredible vigour!
You climb downwards.
Found a falchion.
There is a stone staircase leading up here.
It was a potion of berserk rage.
A red film seems to cover your vision as you go berserk!
You feel yourself moving faster!
You feel mighty! The howler monkey hits you.
You die...

####
..#
#h#
#@#
#.#
#.#
#.#
#.#
#.#
#..
..)


You could see a howler monkey.

Vanquished Creatures
  7 gnolls
  6 adders
  An ooze (D:1)
  2 dart slugs (D:1)
  3 leopard geckos
  2 orcs (D:3)
  10 giant cockroaches
  4 goblins
  10 hobgoblins
  2 jackals (D:3)
  3 kobolds
  2 ball pythons (D:1)
  4 bats
  2 frilled lizards
  A leopard gecko skeleton (D:4)
  8 rats
67 creatures vanquished.

Notes
Turn   | Place    | Note
-------+----------+-------------------------------------------
     0 | D:1      | diana the Demonspawn Gladiator began the quest for the Orb.
     0 | D:1      | Reached XP level 1. HP: 16/16 MP: 1/1
    68 | D:1      | Reached skill level 3 in Axes
    71 | D:1      | Gained mutation: You are partially covered in yellow scales. (AC +2) [demonic ancestry]
    71 | D:1      | Reached XP level 2. HP: 10/22 MP: 2/2
  1033 | D:1      | You fall through a shaft!
  1062 | D:2      | Reached XP level 3. HP: 25/27 MP: 3/3
  1651 | D:2      | Reached skill level 4 in Axes
  2044 | D:3      | Reached XP level 4. HP: 33/33 MP: 4/4
  2307 | D:3      | Reached skill level 5 in Axes
  2820 | D:4      | Reached XP level 5. HP: 29/38 MP: 5/5
  3511 | D:4      | Noticed an ogre
  3549 | D:5      | Entered Level 5 of the Dungeon
  3550 | D:5      | Slain by a howler monkey

Skill      XL: |  1  2  3  4 |
---------------+-------------+-----
Axes           | 3 4 5 |  5.6
Fighting       | |  2.0
Throwing       | |  1.8
Dodging        | |  2.8

Action                   |  1- 3 |  4- 6 || total
-------------------------+-------+-------++-------
Melee: War axe           |   109 |    99 ||   208
  Use: Potion            |       |     1 ||     1
  Eat: Chunk             |     3 |     5 ||     8
Armor: Leather armour    |    36 |    30 ||    66
Dodge: Dodged            |    75 |   101 ||   176
